 Dungeon Crawl Stone Soup version 0.27.0-1-g7a089689b8 (webtiles) character file.

Game seed: 16755435323021506267

103 Descartes the Grasshopper (level 4, -6/39 HPs)
             Began as a Naga Warper on July 31, 2021.
             Killed by nerve-wracking pain
             ... invoked by Grinder
              (11 damage)
             ... on level 3 of the Dungeon.
             The game lasted 00:05:38 (2855 turns).

Descartes the Grasshopper (Naga Warper)             Turns: 2855, Time: 00:05:39

Health: -6/39      AC:  5    Str: 21    XL:     4   Next: 79%
Magic:  7/7        EV:  9    Int: 13    God:
Gold:   84         SH:  0    Dex: 10    Spells: 7/7 levels left

rFire    + . .     SeeInvis +   i - +3 short sword
rCold    . . .     Faith    .   (no shield)
rNeg     . . .     Spirit   .   v - +0 ring mail
rPois    +         Reflect  .   e - +0 helmet
rElec    .         Harm     .   (no cloak)
rCorr    .         Rampage  .   (no gloves)
Will     .....                  (no barding)
Stlth    ..........             (no amulet)
HPRegen  0.13/turn              o - +6 ring of strength
MPRegen  0.10/turn              j - ring of protection from fire

@: short of breath, very slow
A: AC +1, large, see invisible, deformed body, poison resistance, slowness 2,
spit poison 1, naga tail 1
a: Spit Poison


You were on level 3 of the Dungeon.
You visited 1 branch of the dungeon, and saw 3 of its levels.

You collected 84 gold pieces.

Inventory:

Hand Weapons
 a - a +0 falchion
 i - a +3 short sword (weapon)
 w - a +0 short sword of venom
Missiles
 d - 5 boomerangs of dispersal (quivered)
 f - 8 boomerangs
 h - 81 stones
 l - 18 arrows
 p - 22 bolts
Armour
 b - a +0 leather armour
 e - a +0 helmet (worn)
 v - a +0 ring mail (worn)
Jewellery
 j - a ring of protection from fire (right hand)
 o - a +6 ring of strength (left hand)
 s - a ring of ice
Scrolls
 c - a scroll of blinking
 g - a scroll of identify {unknown}
 k - a scroll of silence {unknown}
 n - 2 scrolls of teleportation {unknown}
 t - a scroll of fear {unknown}
Potions
 m - a potion of heal wounds {unknown}
 q - 2 potions of curing {unknown}
 r - a potion of might {unknown}
 u - a potion of flight {unknown}


   Skills:
 - Level 2.0 Fighting
 + Level 3.6 Long Blades
 - Level 0.8 Throwing
 - Level 0.7 Armour
 - Level 1.5 Dodging
 - Level 2.0 Spellcasting
 + Level 4.3 Translocations


You had 7 spell levels left.
You didn't know any spells.
Your spell library contained the following spells:

 Spells                   Type           Power      Damage    Failure   Level
 Blink                    Tloc           N/A        N/A       11%         2
 Gell's Gravitas          Tloc           6%         N/A       22%         3
 Lesser Beckoning         Tloc           6%         N/A       22%         3
 Teleport Other           Tloc           12%        N/A       22%         3
 Manifold Assault         Tloc           12%        N/A       90%         5


Dungeon Overview and Level Annotations

Branches:
Dungeon (3/15)

Altars:
Gozag

Annotations:
D:3 Grinder


Innate Abilities, Weirdness & Mutations

Your serpentine skin is tough. (AC +1)
You have supernaturally acute eyesight. (SInv)
Armour fits poorly on your strangely shaped body.
Your system is resistant to poisons. (rPois)
You cover ground very slowly.
You can spit poison.
You have a snake-like lower body.


Message History

No target in view!
No target in view!
No target in view!
No target in view!
No target in view!
No target in view!
No target in view!
No target in view!
No target in view!
No target in view!
Things that are here:
a +0 short sword of venom; an orc corpse
w - a +0 short sword of venom Grinder comes into view.
Grinder hits you!
You closely miss Grinder. Grinder closely misses you.
You hit Grinder.
Grinder is lightly wounded.
Grinder gestures at you.
You struggle to resist.
You hit Grinder.
Grinder is moderately wounded.
Grinder hits you!
You writhe in agony.
You hit Grinder.
Grinder is moderately wounded.
Grinder hits you.
You are too injured to fight recklessly!
You are too injured to fight recklessly!
You are too injured to fight recklessly!
You hit Grinder.
Grinder is heavily wounded.
Grinder gestures at you. Pain shoots through your body!
* * * LOW HITPOINT WARNING * * *
Press: ? - help, Shift-Dir - straight line, f - Grinder
Aim: Grinder (heavily wounded)
The splash of poison misses Grinder.
Grinder gestures at you. Pain shoots through your body!
You die...

#.##.########.#
#.#..........###.#
.......##.....#.#
.........###)#.#
.....##.# #...#
...#.##.###.###
.....##....<#
#5.####.### #@.#
#.# #.###.#####.#
#.......†...#
#############


You could see Grinder.

Vanquished Creatures
  Natasha (D:3)
  2 adders (D:2)
  A worm (D:2)
  2 dart slugs
  2 orcs (D:3)
  5 endoplasms
  A giant cockroach (D:1)
  5 goblins
  5 hobgoblins
  3 jackals (D:2)
  A quokka (D:2)
  6 ball pythons
  5 bats
  2 frilled lizards
  5 kobolds
  3 rats
49 creatures vanquished.

Notes
Turn   | Place    | Note
-------+----------+-------------------------------------------
     0 | D:1      | Descartes the Naga Warper began the quest for the Orb.
     0 | D:1      | Reached XP level 1. HP: 19/19 MP: 3/3
   374 | D:1      | Reached XP level 2. HP: 26/26 MP: 5/5
   897 | D:1      | Found a faded altar of an unknown god.
  1037 | D:2      | Reached XP level 3. HP: 32/32 MP: 6/6
  1420 | D:2      | Found an opulent altar of Gozag.
  1842 | D:2      | Reached skill level 4 in Translocations
  1842 | D:2      | Reached XP level 4. HP: 28/39 MP: 7/7
  2645 | D:3      | Noticed Natasha
  2657 | D:3      | Killed Natasha
  2847 | D:3      | Noticed Grinder
  2855 | D:3      | Killed from afar by Grinder

Illustrated notes

Levels and vault maps discovered:
D:1:      dpeg_arrival_water_fire, layout_rooms, basic_ecumenical_altar
D:2:      layout_loops_corners, basic_altar
D:3:      layout_loops_ring, uniq_grinder, uniq_natasha

Skill      XL: |  1  2  3 |
---------------+----------+-----
Long Blades    | 3 |  3.6
Translocations | 4 |  4.3
Fighting       | |  2.0
Throwing       | |  0.8
Armour         | |  0.7
Dodging        | |  1.5
Spellcasting   | |  2.0

Action                   |  1- 3 |  4- 6 || total
-------------------------+-------+-------++-------
Melee: Falchion          |    29 |       ||    29
       Short sword       |    73 |    50 ||   123
 Abil: Spit Poison       |     2 |     1 ||     3
Armor: Leather armour    |    27 |     6 ||    33
Dodge: Dodged            |    47 |    19 ||    66
       Rpst.: Falchion   |     2 |       ||     2
